 Dungeon Crawl Stone Soup version 0.24.0-13-gcf9b319 (webtiles) character file.

Game seed: 8796010624610784886, levelgen mode: deterministic

205 Doobh the Ducker (level 5, 0/40 HPs)
             Began as a Demonspawn Gladiator on Jan 2, 2020.
             Slain by an ogre
             ... wielding a +0 giant club
              (24 damage)
             ... on level 3 of the Dungeon.
             The game lasted 00:11:30 (2480 turns).

Doobh the Ducker (Demonspawn Gladiator)             Turns: 2480, Time: 00:11:30

Health: 0/40       AC:  9    Str: 16    XL:     5   Next: 53%
Magic:  5/5        EV: 11    Int:  9    God:
Gold:   45         SH:  0    Dex: 14    Spells: 4/4 levels left

rFire    . . .     SeeInvis .     - Unarmed
rCold    . . .     Gourm    .   (no shield)
rNeg     . . .     Faith    .   h - +0 scale mail
rPois    .         Spirit   .   b - +0 helmet
rElec    .         Reflect  .   (no cloak)
rCorr    .         Harm     .   (no gloves)
MR       .....                  (no boots)
Stlth    +.........             (no amulet)
HPRegen  0.13/turn              (no ring)
MPRegen  0.09/turn              (no ring)

@: about to teleport
A: claws 1, yellow scales 1
a: no special abilities


You were on level 3 of the Dungeon.
You were not hungry.

You visited 1 branch of the dungeon, and saw 4 of its levels.

You collected 45 gold pieces.

Inventory:

Missiles
 o - 21 poisoned darts (quivered)
Armour
 a - a +0 leather armour
 b - a +0 helmet (worn)
 h - a +0 scale mail (worn)
 u - a +1 helmet
Wands
 m - a wand of flame (5)
 t - a wand of digging (9)
Scrolls
 e - a scroll of fear {unknown}
 f - a scroll of blinking {unknown}
 g - a scroll of amnesia {unknown}
 k - a scroll of identify
 q - a scroll of enchant armour {unknown}
 s - a scroll of remove curse {unknown}
Potions
 c - 2 potions of cancellation {unknown}
 j - 2 potions of curing {unknown}
 n - 2 potions of heal wounds {unknown}
 p - a potion of lignification {unknown}
 r - a potion of flight {unknown}
Comestibles
 d - 6 rations


   Skills:
 + Level 2.9 Fighting
 + Level 2.6 Throwing
 * Level 4.0 Dodging
 + Level 2.0 Stealth
 + Level 3.3 Unarmed Combat


You had 4 spell levels left.
You didn't know any spells.
Your spell library was empty.

Dungeon Overview and Level Annotations

Branches:
Dungeon (4/15)
 Temple: D:4-7

Altars:
Ru
Xom

Annotations:
D:3 1 runed translucent door, exclusion: door, Doobh's ghost, amateur DsWz


Innate Abilities, Weirdness & Mutations

You have sharp fingernails.
You are partially covered in yellow scales. (AC +2)


Message History

HP restored.
There is a stone staircase leading down here.
You climb downwards.
An orc comes into view. It is wielding a +0 dagger.
The orc shouts!
The orc misses you. The orc closely misses you.
There is a stone staircase leading up here.
The orc hits you but does no damage. x2
The ogre hits you with a +0 giant club!
You climb upwards.
Level annotation: 1 runed translucent door, exclusion: door, Doobh's ghost, amateur DsWz
There is a stone staircase leading down here.
As you read the scroll of teleportation, it crumbles to dust.
You feel strangely unstable. The orc barely misses you.
The orc hits you but does no damage.
You scratch the orc.
The orc is lightly wounded.
The ogre hits you with a +0 giant club!!
Ouch! That really hurt!
You die...

################# ########
#........o@o...)####.......
#.########O####....+....... #.#
#...#.# #..###..)....
####'####...#)# #...##.......
#......(....#.####.#.####'####
#...รท......##.................
#..........#######.##.........
#..........# #.##.###.####
##........########.##.#.......


You could see an ogre and 2 orcs.

Vanquished Creatures
  A howler monkey (D:4)
  A hound (D:4)
  A worker ant (D:4)
  An iguana (D:4)
  Robin (D:3)
  A gnoll (D:1)
  2 leopard geckos
  4 orcs (D:3)
  7 bats
  2 giant cockroaches
  11 goblins
  11 hobgoblins
  5 jackals
  A ball python (D:3)
  A frilled lizard (D:3)
  2 kobolds
  6 rats
58 creatures vanquished.

Notes
Turn   | Place    | Note
-------+----------+-------------------------------------------
     0 | D:1      | Doobh the Demonspawn Gladiator began the quest for the Orb.
     0 | D:1      | Reached XP level 1. HP: 16/16 MP: 1/1
   227 | D:1      | Gained mutation: You have sharp fingernails. [demonic
                  | ancestry]
   227 | D:1      | Reached XP level 2. HP: 22/22 MP: 2/2
   401 | D:1      | Reached skill level 3 in Dodging
   874 | D:1      | Reached XP level 3. HP: 26/27 MP: 3/3
   909 | D:2      | Reached skill level 1 in Stealth
  1367 | D:3      | Found a runed translucent door.
  1368 | D:3      | Noticed Doobh's ghost (amateur DsWz)
  1387 | D:3      | Found a sacrificial altar of Ru.
  1423 | D:3      | Noticed Robin
  1604 | D:3      | Found a shimmering altar of Xom.
  1605 | D:3      | Found a shimmering altar of Xom.
  1606 | D:3      | Found a shimmering altar of Xom.
  1607 | D:3      | Found a shimmering altar of Xom.
  1607 | D:3      | Found a shimmering altar of Xom.
  1640 | D:3      | Killed Robin
  1640 | D:3      | Reached XP level 4. HP: 34/34 MP: 4/4
  2197 | D:4      | Gained mutation: You are partially covered in yellow
                  | scales. (AC +2) [demonic ancestry]
  2197 | D:4      | Reached XP level 5. HP: 10/39 MP: 5/5
  2233 | D:4      | Reached skill level 4 in Dodging
  2242 | D:4      | Noticed an ogre
  2480 | D:3      | Slain by an ogre

Levels and vault maps discovered:
D:1:      dpeg_arrival_rooms_with_view, layout_basic
D:2:      layout_basic, first_ration
D:3:      layout_basic, nicolae_overflow_crystal_walls, gammafunk_ghost_grave,
          xom_redecorated, uniq_robin
D:4:      layout_cave_pools

Skill      XL: |  1  2  3  4  5 |
---------------+----------------+-----
Throwing       | 2 |  2.6
Dodging        | 3 4 |  4.0
Stealth        | 1 2 |  2.0
Unarmed Combat | 3 |  3.3
Fighting       | |  2.9

Action                   |  1- 3 |  4- 6 || total
-------------------------+-------+-------++-------
Melee: Unarmed           |   116 |    73 ||   189
       Punch             |     2 |     3 ||     5
Throw: Throwing net      |     8 |       ||     8
       Dart              |    13 |    14 ||    27
  Use: Scroll            |       |     3 ||     3
 Stab: Held in net/web   |     3 |       ||     3
  Eat: Chunk             |     2 |     3 ||     5
Armor: Leather armour    |    16 |       ||    16
       Scale mail        |    26 |    41 ||    67
Dodge: Dodged            |    61 |    53 ||   114
